 Dungeon Crawl Stone Soup version 0.30.0-5-g1a98f26d00 (webtiles) character file.

Game seed: 4121892940023370055

4622 Henri the Skirmisher (level 10, -4/53 HPs)
             Began as a Spriggan Hexslinger on May 8, 2023.
             Was a Believer of Fedhas.
             Slain by a death yak (18 damage)
             ... on level 8 of the Dungeon.
             The game lasted 00:41:59 (11644 turns).

Henri the Skirmisher (Spriggan Hexslinger)         Turns: 11644, Time: 00:42:00

Health: -4/53      AC:  5    Str:  6    XL:     10   Next: 19%
Magic:  15/15      EV: 19    Int: 19    God:    Fedhas [**....]
Gold:   601        SH:  0    Dex: 16    Spells: 4/15 levels left

rFire   . . .        L - +0 shortbow
rCold   . . .        (shield currently unavailable)
rNeg    . . .        c - +0 robe
rPois   .            (helmet restricted)
rElec   .            E - +2 cloak
rCorr   .            (gloves unavailable)
SInv    +            (boots unavailable)
Will    +....        e - amulet of the acrobat
Stlth   +++          p - ring of flight
HPRegen 0.28/turn    (no ring)
MPRegen 0.14/turn

%: acrobat
@: flying, very quick
A: very small, no large weapons, unfitting armour, see invisible, speed 3
a: Renounce Religion, Wall of Briars


You were on level 8 of the Dungeon.
You worshipped Fedhas.
Fedhas was pleased with you.
You visited 2 branches of the dungeon, and saw 10 of its levels.
You also visited: Sewer.

You collected 629 gold pieces.
You spent 28 gold pieces at shops.

Inventory:

Hand Weapons
 a - a +2 sling
 m - a +1 dagger of holy wrath
 s - a +2 short sword of speed
 L - a +0 shortbow (weapon)
Missiles
 C - 13 poisoned darts
 K - a throwing net
 O - a curare-tipped dart
Armour
 c - a +0 robe (worn)
 n - a +0 cloak
 t - a +0 troll leather armour {Pargi}
 E - a +2 cloak (worn)
Jewellery
 e - an amulet of the acrobat (around neck)
 p - a ring of flight (left hand)
 v - a +6 ring of strength
 x - a ring of magical power
 B - a +6 ring of strength
Wands
 k - a wand of roots (26)
 l - a wand of digging (10)
 A - a wand of quicksilver (2)
 I - a wand of flame (10)
 S - a wand of paralysis (15)
Scrolls
 b - 3 scrolls of poison
 d - a scroll of teleportation
 f - a scroll of fear
 j - 3 scrolls of enchant weapon
 q - a scroll of torment {unknown}
 r - 5 scrolls of fog
 w - a scroll of vulnerability
 y - a scroll of amnesia {unknown}
 H - a scroll of noise
 N - a scroll of enchant armour {unknown}
 P - a scroll of summoning {unknown}
 Q - a scroll of immolation {unknown}
Potions
 g - 3 potions of curing
 h - a potion of attraction
 i - 2 potions of heal wounds
 o - 2 potions of flight
 u - 3 potions of berserk rage
 z - a potion of haste
 D - 2 potions of brilliance
 F - 2 potions of lignification
 G - a potion of might
 J - a potion of ambrosia {unknown}
 M - 2 potions of cancellation
 R - a potion of magic {unknown}


   Skills:
 + Level 5.7 Fighting
 * Level 10.0 Ranged Weapons
 - Level 5.0 Dodging
 - Level 5.0 Stealth
 - Level 3.0 Spellcasting
 + Level 9.0 Hexes
 + Level 3.5 Translocations


You had 4 spell levels left.
You knew the following spells:

 Your Spells              Type           Power      Damage    Failure   Level
a - Slow                  Hex            100%       N/A       1%          1
b - Inner Flame           Hex/Fire       20%        N/A       7%          3
c - Portal Projectile     Hex/Tloc       52%        N/A       3%          3
d - Cause Fear            Hex            18%        N/A       3%          4

Your spell library contained the following spells:

 Spells                   Type           Power      Damage    Failure   Level
 Lesser Beckoning         Tloc           32%        N/A       5%          2
 Gell's Gravitas          Tloc           16%        N/A       11%         3
 Teleport Other           Tloc           16%        N/A       11%         3
 Foxfire                  Conj/Fire      8%         2x1d4     16%         1
 Freeze                   Ice            8%         1d3       16%         1
 Cigotuvi's Dreadful Rot  Necr/Pois/Air  4%         N/A       22%         2
 Scorch                   Fire           4%         2d5       22%         2
 Passage of Golubria      Tloc           16%        N/A       34%         4
 Frozen Ramparts          Ice            4%         1d1       41%         3
 Hailstorm                Conj/Ice       2%         3d3       41%         3
 Ozocubu's Armour         Ice            2%         N/A       41%         3
 Dispel Undead            Necr           2%         3d7       83%         4
 Flame Wave               Conj/Fire      2%         2d4       83%         4
 Silence                  Hex/Air        10%        N/A       54%         5
 Fireball                 Conj/Fire      1%         3d3       99%         5
 Dispersal                Tloc           8%         N/A       99%         6
 Death Channel            Necr           1%         N/A       100%        6
 Plasma Beam              Fire/Air       1%         2x1d12    100%        6
 Starburst                Conj/Fire      1%         6d3       100%        6
 Summon Cactus Giant      Summ           1%         N/A       100%        6
 Ozocubu's Refrigeration  Ice            1%         4d7       100%        7
 Lehudib's Crystal Spear  Conj/Erth      1%         10d2      100%        8


Dungeon Overview and Level Annotations

Branches:
Dungeon (9/15)             Temple (1/1) D:7            Lair (0/5) D:9
  Sewer (visited)
    Orc: D:9-12

Altars:
Ashenzari
Cheibriados
Dithmenos
Elyvilon
Fedhas
Gozag
Hepliaklqana
Kikubaaqudgha
Makhleb
Nemelex Xobeh
Okawaru
Qazlal
Ru
Sif Muna
Trog
Uskayaw
Vehumet
Wu Jian
Xom
Yredelemnul

Shops:
D:7 ?   D:8 :

Annotations:
D:9 3 transporters


Innate Abilities, Weirdness & Mutations

You are very small and have problems with some larger weapons.
You are too small for most types of armour.
You have supernaturally acute eyesight. (SInv)
You cover ground extremely quickly. (Speed+++)


Message History

Unknown command.
Press: ? - help, v - describe, . - travel
Here: a death yak (almost dead)
The floor.
Fire: L) +0 shortbow
Press: ? - help, Q - select action, (/) - cycle Shift-Dir - straight line, f/p - death yak
Aim: a death yak (almost dead, 82% to hit)
You shoot an arrow. The arrow barely misses the death yak.
Unknown command.
Fire: L) +0 shortbow
Press: ? - help, Q - select action, (/) - cycle Shift-Dir - straight line, f/p - death yak
Aim: a death yak (almost dead, 82% to hit)
You shoot an arrow. The arrow hits the death yak!
You kill the death yak!
Fedhas appreciates your contribution to the ecosystem.
Your Ranged Weapons skill increases to level 10!
Your Hexes skill increases to level 9!
Your Translocations skill increases to level 3!
Unknown command.
You start resting.
Magic restored.
You see here a +0 quarterstaff.
There is a stone staircase leading down here.
You fly downwards.
Level annotation: 3 transporters The death yak gores you. x2; The orc misses you.
The death yak misses you. The orc completely misses you.
The death yak misses you.
There is a stone staircase leading up, spattered with blood here.
Unknown command.
The death yak gores you! The orc barely misses you. The death yak gores you!!
* * * LOW HITPOINT WARNING * * *
You fly upwards.
There is a stone staircase leading down here.
Unknown command.
As you read the scroll of fear, it crumbles to dust.
You assume a fearsome visage.
The death yak easily resists.
The orc looks frightened!
The death yak looks frightened!
The death yak gores you!!
You die...
Fedhas appreciates your contribution to the ecosystem.

##...####..#.....##....#..##
#.......#..................#
##........................#### ##
#...)......#...............## .#
##................).......... ###
##...#....#.#.....#......... ..#
###..#....#.#.....#######... .##
#.........#Y#....## ##.....
.######........#@#....#####......
....####......##o#....#.#........
.....##.......##Y#.#.............
.....#.........#∩#.###...........
..........#..#.#.#.#..^..........
............####.#...............
...#........# ##.#.#...........).
..##.......####...##......[......
#............#)...##..#..##......


You could see 2 death yaks and an orc (fleeing).

Vanquished Creatures
  A death yak (D:8)
  A kobold demonologist (D:6)
  A troll (D:9)
  A hornet (D:7)
  A yak (D:8)
  2 water moccasins
  A black bear (D:6)
  2 orc warriors (D:9)
  Pargi (Sewer)
  A sky beast (D:7)
  An ice beast (D:7)
  2 ogres
  A centaur (D:7)
  3 kobold brigands
  3 bullfrogs
  A scorpion (D:5)
  5 wights (D:7)
  5 killer bees (D:7)
  A vampire bat (D:5)
  3 howler monkeys (D:7)
  3 hounds
  A gnoll bouda (D:7)
  3 orc priests
  3 jellies
  Jessica (D:3)
  Ijyb (D:3)
  Terence (D:2)
  5 iguanas
  A hell rat (D:8)
  9 orc wizards
  8 adders
  9 gnolls
  2 shadow imps
  5 white imps
  An ufetubus (D:6)
  3 worms
  9 dart slugs
  35 orcs
  13 bats
  3 endoplasms
  4 giant cockroaches
  12 goblins
  5 hobgoblins
  4 jackals (D:1)
  3 quokkas
  13 ball pythons
  4 frilled lizards
  17 kobolds
  9 rats
224 creatures vanquished.

Vanquished Creatures (others)
  A sleepcap (D:8)
  An orc (D:8)
2 creatures vanquished.

Grand Total: 226 creatures vanquished

Notes
Turn   | Place    | Note
-------+----------+-------------------------------------------
     0 | D:1      | Henri the Spriggan Hexslinger began the quest for the Orb.
     0 | D:1      | Reached XP level 1. HP: 9/9 MP: 3/3
   179 | D:1      | Reached skill level 1 in Fighting
   179 | D:1      | Reached XP level 2. HP: 14/14 MP: 5/5
   744 | D:1      | Reached XP level 3. HP: 18/18 MP: 7/7
  1512 | D:2      | Reached skill level 3 in Ranged Weapons
  1694 | D:2      | Noticed Terence
  1833 | D:2      | Reached XP level 4. HP: 22/22 MP: 8/8
  1875 | D:2      | Killed Terence
  2017 | D:3      | Noticed Ijyb
  2072 | D:3      | Killed Ijyb
  2116 | D:3      | Found an opulent altar of Gozag.
  2360 | D:3      | Reached XP level 5. HP: 26/26 MP: 8/10
  2595 | D:3      | Noticed Jessica
  2625 | D:3      | Killed Jessica
  2632 | D:3      | Learned a level 3 spell: Inner Flame
  2636 | D:3      | Learned a level 3 spell: Portal Projectile
  3103 | D:4      | Found a glowing drain.
  3154 | D:4      | Reached skill level 4 in Ranged Weapons
  3193 | Sewer    | Entered a sewer
  3263 | Sewer    | Noticed Pargi
  3273 | Sewer    | Killed Pargi
  3274 | Sewer    | Reached skill level 5 in Hexes
  3274 | Sewer    | Reached XP level 6. HP: 31/31 MP: 1/11
  3864 | D:4      | Found a white marble altar of Elyvilon.
  3870 | D:4      | Learned a level 4 spell: Cause Fear
  4623 | D:5      | Entered Level 5 of the Dungeon
  4668 | D:5      | Reached skill level 5 in Ranged Weapons
  4921 | D:5      | Noticed a water moccasin
  4947 | D:5      | Killed a water moccasin
  4948 | D:5      | Reached XP level 7. HP: 35/35 MP: 2/12
  5128 | D:5      | Found an iron altar of Okawaru.
  5128 | D:5      | Found a shimmering blue altar of Sif Muna.
  5533 | D:5      | Identified the +8 falchion of Nightmares {heavy, *Corrode
                  | rC++}
  5895 | D:5      | Reached skill level 6 in Ranged Weapons
  6201 | D:6      | Noticed a kobold demonologist
  6261 | D:6      | Reached skill level 1 in Stealth
  6652 | D:6      | Reached XP level 8. HP: 40/40 MP: 9/13
  7006 | D:6      | Noticed a rust devil
  7225 | D:6      | Reached skill level 7 in Ranged Weapons
  7684 | D:7      | Found a snail-covered altar of Cheibriados.
  7933 | D:7      | Found a staircase to the Ecumenical Temple.
  7985 | Temple   | Entered the Ecumenical Temple
  7985 | Temple   | Found a transporter.
  7985 | Temple   | Found a transporter.
  7987 | Temple   | Found a transporter.
  7987 | Temple   | Found a transporter.
  8020 | Temple   | Became a worshipper of Fedhas Madash
  8279 | D:7      | Reached skill level 5 in Stealth
  8463 | D:7      | Reached skill level 8 in Ranged Weapons
  8494 | D:7      | Reached XP level 9. HP: 46/46 MP: 8/14
  8759 | D:7      | Found The Oracle's Delphic Readings.
  8864 | D:7      | Bought a scroll of identify for 28 gold pieces
  9013 | D:8      | Reached * piety under Fedhas
  9422 | D:8      | Reached skill level 5 in Fighting
  9529 | D:8      | Found Buwkabut's Book Shoppe.
  9897 | D:6      | Noticed a hellwing
  9899 | D:6      | Noticed a red devil
  9906 | D:6      | Killed a kobold demonologist
  9907 | D:6      | Reached skill level 9 in Ranged Weapons
 10185 | D:7      | Reached skill level 5 in Dodging
 10567 | D:8      | Reached skill level 1 in Translocations
 11004 | D:9      | Reached ** piety under Fedhas
 11066 | D:9      | Found a transporter.
 11169 | D:9      | Found a transporter.
 11171 | D:9      | Found a transporter.
 11174 | D:9      | Noticed a troll
 11179 | D:9      | Killed a troll
 11180 | D:9      | Reached XP level 10. HP: 50/51 MP: 11/15
 11214 | D:9      | Found a staircase to the Lair.
 11216 | D:9      | Noticed a death yak
 11217 | D:9      | Noticed a death yak
 11217 | D:9      | Noticed a death yak
 11584 | D:8      | Killed a death yak
 11585 | D:8      | Reached skill level 10 in Ranged Weapons
 11644 | D:8      | Slain by a death yak

Illustrated notes

Levels and vault maps discovered:
D:1:      lightli_arrival_lavapool, layout_loops_ring
D:2:      layout_rooms, uniq_terence
D:3:      layout_basic, mainiacjoe_overflow_boulevard, uniq_ijyb, uniq_jessica
D:4:      layout_rooms, lemuel_tele_altar, cheibrodos_sewer_entry_drain
D:5:      layout_gridville, jmf_multi_god_temple, roderic_batcave
D:6:      minmay_clustersquares, layout_rooms
D:7:      layout_loops_ring, kennysheep_slug_shrine,
          minmay_temple_entry_poolview, dk_noncrumbling_3,
          nicolae_nh_oracle_at_delphi
D:8:      layout_cave_pools, serial_shops, nicolae_shop_hallway_stairs,
          minmay_puff
D:9:      layout_irregular_city, overflow_temple_1_default, dpeg_lair_monsters,
          hiddenorc2_lemuel, nicolae_transporter_circle, uniq_erica
Temple:   hellmonk_temple_divided_pantheon

Skill      XL: |  1  2  3  4  5  6  7  8  9 10 |
---------------+-------------------------------+-----
Fighting       | 1 2 3 4 5 |  5.7
Spellcasting   | 2 3 |  3.0
Hexes          | 4 5 6 7 8 9 |  9.0
Ranged Weapons | 3 4 5 6 8 9 10 | 10.0
Stealth        | 2 5 |  5.0
Dodging        | 3 5 |  5.0
Translocations | 2 3 |  3.5

Action                     |  1- 3 |  4- 6 |  7- 9 | 10-12 || total
---------------------------+-------+-------+-------+-------++-------
  Melee: Unarmed           |     9 |       |       |       ||     9
         Short sword       |       |       |    24 |       ||    24
   Fire: Sling             |   185 |   197 |   232 |       ||   614
         Shortbow          |       |       |   150 |    86 ||   236
   Cast: Slow              |    35 |    36 |    56 |       ||   127
         Inner Flame       |       |    21 |   104 |    14 ||   139
         Portal Projectile |       |       |     1 |       ||     1
    Use: Scroll            |     3 |     2 |    10 |     1 ||    16
         Potion            |       |       |     1 |       ||     1
 Armour: Robe              |     3 |     8 |    29 |     1 ||    41
  Dodge: Dodged            |    54 |    39 |   200 |     6 ||   299
